 Dungeon Crawl Stone Soup version 0.29.0-4-gdea44cf6ec (webtiles) character file.

Game seed: 8856169607129101803

96 qw the Chopper (level 4, -1/26 HPs)
             Began as a Tengu Warper on Aug 28, 2022.
             Slain by a sky beast (2 damage)
             ... on level 4 of the Dungeon.
             The game lasted 00:00:14 (2758 turns).

qw the Chopper (Tengu Warper)                       Turns: 2758, Time: 00:00:15

Health: -1/26      AC:  9    Str: 13    XL:     4   Next: 67%
Magic:  8/8        EV:  6    Int: 13    God:
Gold:   227        SH:  0    Dex: 14    Spells: 7/7 levels left

rFire   . . .      SeeInvis .   Y - +1 hand axe
rCold   . . .      Faith    .   (no shield)
rNeg    . . .      Spirit   .   j - +0 chain mail
rPois   .          Reflect  .   (helmet restricted)
rElec   .          Harm     .   e - +0 cloak
rCorr   .          Rampage  .   (no gloves)
Will    .....                   (boots unavailable)
Stlth   ..........              (no amulet)
HPRegen 0.08/turn               (no ring)
MPRegen 0.11/turn               (no ring)

@: no status effects
A: beak, talons 3
a: no special abilities


You were on level 4 of the Dungeon.
You visited 1 branch of the dungeon, and saw 4 of its levels.

You collected 227 gold pieces.


Innate Abilities, Weirdness & Mutations

You have a beak for a mouth.
You have claws for feet.


   Skills:
 - Level 2.0 Fighting
 - Level 5.0 Axes
 - Level 1.0 Throwing
 + Level 1.8 Armour
 - Level 2.1 Dodging
 - Level 2.0 Spellcasting
 - Level 2.4 Translocations


You had 7 spell levels left.
You didn't know any spells.
Your spell library contained the following spells:

 Spells                   Type           Power      Damage    Failure   Level
 Blink                    Tloc           14%        N/A       99%         2
 Gell's Gravitas          Tloc           7%         N/A       100%        3
 Lesser Beckoning         Tloc           7%         N/A       100%        3
 Teleport Other           Tloc           7%         N/A       100%        3
 Manifold Assault         Tloc           7%         N/A       100%        5

Inventory:

Hand Weapons
 d - a +0 whip
 Y - a +1 hand axe (weapon)
Armour
 e - a +0 cloak (worn)
 j - a +0 chain mail (worn)
Scrolls
 b - a scroll of identify
 c - a scroll of teleportation
Potions
 a - a potion of attraction {unknown}
 f - 3 potions of curing
 g - a potion of might {unknown}
 h - a potion of berserk rage {unknown}
 i - a potion of mutation {unknown}
 l - a potion of lignification {unknown}

Dungeon Overview and Level Annotations

Branches:
Dungeon (4/15)
 Temple: D:4-7

Altars:
Dithmenos
Elyvilon
Nemelex Xobeh


Message History

There is a stone staircase leading up here.
There are monsters nearby!
Existing waypoints: (1) D:2 (2) D:3 Assign waypoint to what number? (0-9, D - delete waypoint) Waypoint 1 re-assigned from D:2 to D:4.
Enter note: The sky beast flickers out of sight!
Deactivating autopickup; reactivate with Ctrl-A.
You hit the endoplasm.
The endoplasm is moderately wounded.
The endoplasm freezes you.
You are frozen.
You hit the endoplasm.
You kill the endoplasm!
You hit something. Something hits you. Something shocks you.
You miss something. Something hits you but does no damage.
You closely miss something. Your kick misses something.
Something hits you but does no damage.
You slash something! You claw something. Something hits you but does no damage.
You barely miss something. Something hits you. Something shocks you.
You hit something. Something hits you but does no damage.
You closely miss something. Your kick misses something.
Your peck misses something. Something hits you but does no damage.
You closely miss something. Your kick misses something. Something hits you.
Something shocks you.
You miss something. You peck something. Something hits you but does no damage.
You hit something but do no damage. Your kick misses something.
Your peck misses something. Something hits you but does no damage.
You barely miss something. Your kick misses something. Something hits you.
You die...

.##.#......
#..........
#........#
#........# .
.##+#......). ..
[.........####...
#.....<.........
#######{........
#.@.....#
#..(......
#.......##
#.........
#........#
#........#
#.....##.#
#...... ..


There were no monsters in sight!

Vanquished Creatures
  Terence (D:2)
  3 adders
  A dart slug (D:2)
  An orc (D:3)
  5 ball pythons
  6 endoplasms
  4 giant cockroaches
  A goblin (D:1)
  4 hobgoblins
  3 kobolds
  2 quokkas
  4 bats
  A frilled lizard (D:1)
  3 rats
39 creatures vanquished.

Notes
Turn   | Place    | Note
-------+----------+-------------------------------------------
     0 | D:1      | qw the Tengu Warper began the quest for the Orb.
     0 | D:1      | Reached XP level 1. HP: 12/12 MP: 4/4
     0 | D:1      | 0 ||| qw: Version: 0.1-a-89-g26bdef1
     0 | D:1      | 0 ||| qw: Game counter: 2295
     0 | D:1      | 0 ||| qw: Always use a shield: true
     0 | D:1      | 0 ||| qw: God list: Okawaru
     0 | D:1      | 0 ||| qw: Allow faded altars: false
     0 | D:1      | 0 ||| qw: Do Orc after D:15 true
     0 | D:1      | 0 ||| qw: Do second Lair branch before Depths: true
     0 | D:1      | 0 ||| qw: Lair rune preference: random
     0 | D:1      | 0 ||| qw: Plans: Normal
     0 | D:1      | 0 ||| PLANNING D:1-11
   140 | D:1      | 140 ||| DROPPING +0 club.
   202 | D:1      | Reached skill level 3 in Axes
   202 | D:1      | Reached XP level 2. HP: 10/17 MP: 6/6
  1234 | D:1      | 1234 ||| UPGRADING to +0 cloak.
  1239 | D:1      | 1239 ||| READING scroll labelled ESHRUNO ITEADAZ.
  1240 | D:1      | 1240 ||| READING scroll labelled CUNIVA POMEWKU.
  1245 | D:1      | 1245 ||| READING scroll labelled MESHRA YVAXU.
  1246 | D:1      | 1246 ||| DROPPING scroll of blinking.
  1366 | D:2      | Reached XP level 3. HP: 21/21 MP: 7/7
  1649 | D:2      | Noticed Terence
  1654 | D:2      | Killed Terence
  1655 | D:2      | Reached skill level 4 in Axes
  1777 | D:2      | Found a faded altar of an unknown god.
  1822 | D:2      | Found a shadowy altar of Dithmenos.
  1882 | D:2      | 1882 ||| Stepping ~*~*~tactically~*~*~ (stealth).
  1883 | D:2      | 1883 ||| Stepping ~*~*~tactically~*~*~ (stealth).
  1887 | D:2      | 1887 ||| Stepping ~*~*~tactically~*~*~ (stealth).
  1903 | D:2      | Reached XP level 4. HP: 20/26 MP: 8/8
  2098 | D:2      | 2098 ||| UPGRADING to +0 chain mail.
  2108 | D:2      | 2108 ||| DROPPING +0 leather armour.
  2109 | D:2      | 2109 ||| READING 3 scrolls labelled TIMAETAHIW.
  2110 | D:2      | 2110 ||| DRINKING 3 metallic coppery potions.
  2111 | D:2      | 2111 ||| DROPPING 2 scrolls of fog.
  2224 | D:3      | Reached skill level 5 in Axes
  2301 | D:3      | Found a white marble altar of Elyvilon.
  2301 | D:3      | Found a sparkling altar of Nemelex Xobeh.
  2303 | D:3      | 2303 ||| READING scroll labelled NIUNUPT NIDWU.
  2304 | D:3      | 2304 ||| READING scroll labelled YNI JAUTYESTRO.
  2543 | D:3      | 2543 ||| FLEEEEING.
  2544 | D:3      | 2544 ||| FLEEEEING.
  2545 | D:3      | 2545 ||| FLEEEEING.
  2546 | D:3      | 2546 ||| FLEEEEING.
  2547 | D:3      | 2547 ||| FLEEEEING.
  2548 | D:3      | 2548 ||| FLEEEEING.
  2722 | D:3      | 2722 ||| READING scroll labelled LOAMUKHL COHU.
  2743 | D:4      | Noticed a sky beast
  2755 | D:4      | HP: 1/26 [something (6)]
  2758 | D:4      | Slain by a sky beast

Levels and vault maps discovered:
D:1:      lemuel_arrival_broad_hall, layout_basic, grunt_decor_one_mirror
D:2:      layout_loops_ring, basic_altar, basic_ecumenical_altar, uniq_terence
D:3:      layout_rooms, jmf_multi_god_temple, solitary_fountain
D:4:      layout_basic, minmay_temple_entry_nine_rooms,
          hangedman_decor_diamond_cutter

Skill      XL: |  1  2  3  4 |
---------------+-------------+-----
Axes           | 3 4 5 |  5.0
Fighting       | |  2.0
Throwing       | |  1.0
Armour         | |  1.8
Dodging        | |  2.1
Spellcasting   | |  2.0
Translocations | |  2.4

Action                   |  1- 3 |  4- 6 || total
-------------------------+-------+-------++-------
Melee: Hand axe          |    51 |    40 ||    91
       Kick              |    18 |    11 ||    29
       Punch             |     1 |       ||     1
       Peck              |     2 |     3 ||     5
Throw: Boomerang         |     7 |       ||     7
  Use: Scroll            |     3 |     4 ||     7
       Potion            |       |     1 ||     1
Armor: Leather armour    |     8 |       ||     8
       Chain mail        |       |    23 ||    23
Dodge: Dodged            |    21 |     8 ||    29

Table legend:
 A = Non-vault XP
 B = Vault XP
 C = Vault XP percentage of total XP
 D = Non-vault monster count
 E = Vault monster count
 F = Vault count percentage of total count
                 A         B        C        D         E       F
            +---------+---------+-------+---------+---------+-------
      Total |      98 |      40 |  29.0 |      36 |       3 |   7.7
            +---------+---------+-------+---------+---------+-------
        D:1 |      32 |       0 |   0.0 |      18 |       0 |   0.0
        D:2 |      27 |      36 |  57.1 |       8 |       1 |  11.1
        D:3 |      37 |       4 |   9.8 |       9 |       2 |  18.2
        D:4 |       2 |       0 |   0.0 |       1 |       0 |   0.0
            +---------+---------+-------+---------+---------+-------
